 Dungeon Crawl Stone Soup version 0.30-a0-358-g0d69a1922f (webtiles) character file.

Game seed: 15922956711665850080

23 flotson the Sneak (level 2, -7/24 HPs)
             Began as a Demonspawn Delver on Nov 10, 2022.
             Mangled by a raiju (9 damage)
             ... on level 1 of the Abyss.
             The game lasted 00:03:19 (767 turns).

flotson the Sneak (Demonspawn Delver)                Turns: 767, Time: 00:03:19

Health: -7/24      AC:  3    Str: 12    XL:     2   Next: 72%
Magic:  2/2        EV: 14    Int: 11    God:
Gold:   34         SH:  0    Dex: 14    Spells: 1/1 levels left

rFire   . . .      SeeInvis .    b - +0 arbalest
rCold   . . .      Faith    .    (shield currently unavailable)
rNeg    . . .      Spirit   .    l - +0 leather armour
rPois   .          Reflect  .    (no helmet)
rElec   .          Harm     .    (no cloak)
rCorr   .          Rampage  .    (no gloves)
Will    .....                    (no boots)
Stlth   ++........               (no amulet)
HPRegen 0.24/turn                (no ring)
MPRegen 0.08/turn                (no ring)

@: no status effects
A: repulsion field 1
a: no special abilities


You were on level 1 of the Abyss.
You visited 1 branch of the dungeon, and saw 5 of its levels.
You visited the Abyss 1 time.

You collected 34 gold pieces.

Inventory:

Hand Weapons
 a - a +0 war axe
 b - a +0 arbalest (weapon)
Armour
 l - a +0 leather armour (worn)
Wands
 g - a wand of digging (3)
Scrolls
 c - a scroll of fog
 d - a scroll of magic mapping
 h - 3 scrolls of vulnerability {unknown}
 i - 3 scrolls of teleportation {unknown}
 k - 2 scrolls of identify {unknown}
 m - a scroll of enchant armour {unknown}
Potions
 j - a potion of might {unknown}
 n - a potion of heal wounds {unknown}


   Skills:
 + Level 3.2 Fighting
 - Level 1.7 Axes
 + Level 0.9 Armour
 + Level 2.1 Dodging
 - Level 4.5 Stealth
 + Level 1.0 Evocations


You had one spell level left.
You didn't know any spells.
Your spell library was empty.

Dungeon Overview and Level Annotations

Branches:
Dungeon (5/15)
 Temple: D:4-7

Altars:

Shops:
D:5 [

Annotations:
D:3 Terence


Innate Abilities, Weirdness & Mutations

You are surrounded by a mild repulsion field. (EV +2)


Message History

A jackal comes into view.
The giant cockroach closely misses you.
You shoot a bolt.
The bolt barely misses the giant cockroach.
The bolt hits the jackal!
You kill the jackal!
You hear a bark!
The giant cockroach misses you. x2
You shoot a bolt. The bolt hits the giant cockroach!
You kill the giant cockroach!
You shoot a bolt. The bolt closely misses the jackal.
The jackal bites you but does no damage.
The jackal bites you. The jackal misses you.
You shoot a bolt. The bolt hits the jackal!
You kill the jackal!
The goblin hits you with a +2 dagger of distortion.
You are cast into the Abyss!
To return, you must find a gate leading back.
Killing monsters will force the Abyss to allow you passage.
This branch contains the abyssal rune of Zot.
HP restored.
There is an empty arch of ancient stone, spattered with blood here.
Found a gateway leading deeper into the Abyss.
There is an empty arch of ancient stone, spattered with blood here.
A tentacled starspawn comes into view. 2 raiju come into view.
A raiju comes into view.
The raiju barks!
The raiju bursts into living lightning!
The living lightning hits the raiju.
The raiju completely resists.
The living lightning misses you.
The raiju blinks!
The raiju barks!
The raiju bursts into living lightning!
The living lightning hits you!
Ouch! That really hurt!
The raiju blinks! x2; The raiju bites you but does no damage.
The raiju attacks as you move away! The raiju bites you.
* * * LOW HITPOINT WARNING * * *
The raiju shocks you!
You die...

.# ## #. #
##.#...# ###....
.# ........#
#...#.## #
###########.....#
#.#.#
#..##.#.##@#
...#...#...#.hhh#
#...#.#.#...####
#...# ###ยง..#
... * .#..h#... .
# .#...#.#. ##
#.#..#...# .
...#...##...#.
#.. ..#...#.. .#


You could see 4 raiju.

Vanquished Creatures
  2 orcs (D:4)
  4 giant cockroaches
  A goblin (D:4)
  2 hobgoblins
  3 jackals (D:1)
  2 quokkas
  A ball python (D:4)
  A kobold (D:1)
  A rat (D:1)
17 creatures vanquished.

Notes
Turn   | Place    | Note
-------+----------+-------------------------------------------
     0 | D:5      | flotson the Demonspawn Delver began the quest for the Orb.
     0 | D:5      | Reached XP level 1. HP: 18/18 MP: 1/1
   137 | D:5      | Found Pawne's Armour Boutique.
   249 | D:4      | Noticed an ogre
   427 | D:4      | Noticed a phantom
   481 | D:4      | Gained mutation: You are surrounded by a mild repulsion
                  | field. (EV +2) [demonic ancestry]
   481 | D:4      | Reached XP level 2. HP: 22/24 MP: 2/2
   506 | D:4      | Noticed an ogre
   545 | D:2      | Noticed Terence
   596 | D:1      | Reached skill level 1 in Evocations
   672 | Abyss:1  | Cast into level 1 of the Abyss (goblin)
   746 | Abyss:1  | Noticed a tentacled starspawn
   753 | Abyss:1  | Noticed a wretched star
   764 | Abyss:1  | Noticed a raiju
   764 | Abyss:1  | Noticed a raiju
   764 | Abyss:1  | Noticed a raiju
   764 | Abyss:1  | Noticed a raiju
   767 | Abyss:1  | Mangled by a raiju

Illustrated notes

Levels and vault maps discovered:
D:1:      lightli_arrival_chessboard, layout_basic
D:2:      layout_loops_ring, grunt_ministairs_7, minmay_misc_feat_rugged,
          nicolae_elevator_lobby_plus, uniq_terence, uniq_sigmund, uniq_natasha
D:3:      layout_loops_ring, old_standard_altar
D:4:      minmay_skewed_foursquare, layout_cave_pools, nicolae_overflow_squiral,
          lightli_minifort
D:5:      layout_loops_corners, serial_shops, shop, minmay_misc_feat_alley
Abyss:1:  base: D:5, hangedman_abyss_sting

Skill      XL: |  1  2 |
---------------+-------+-----
Dodging        | 2 |  2.1
Evocations     | 1 |  1.0
Fighting       | |  3.2
Axes           | |  1.7
Armour         | |  0.9
Stealth        | |  4.5

Action                   || total
-------------------------++-------
Melee: Hand axe          ||    11
 Fire: Arbalest          ||    30
  Use: Scroll            ||     2
       Potion            ||     1
 Stab: Sleeping          ||     1
Armor: Leather armour    ||     8
Dodge: Dodged            ||    46

Table legend: (Time is in decaauts)
 A = Elapsed time spent in this place.
 B = Non-inter-level travel time spent in this place.
 C = Inter-level travel time spent in this place.
 D = Time resting spent in this place.
 E = Time spent auto-exploring this place.
 F = Levels seen in this place.
 G = Mean time per level.
                   A        B        C        D        E       F      G
               +--------+--------+--------+--------+--------+-----+--------+
         Total |    778 |    771 |      7 |     34 |    339 |   6 |  129.7 |
       Dungeon |    682 |    675 |      7 |     34 |    267 |   5 |  136.4 |
         Abyss |     95 |     95 |      0 |      0 |     72 |   1 |   95.0 |
               +--------+--------+--------+--------+--------+-----+--------+

Top non-repeatable levels by time:
     D:5: 359 daAuts
     D:4: 195 daAuts
 Abyss:1: 95 daAuts
     D:1: 58 daAuts
     D:2: 43 daAuts
     D:3: 25 daAuts
